 Dungeon Crawl Stone Soup version 0.29-a0-338-g1ff7896281 (webtiles) character file.

Game seed: 18394059480563605368

92 spaghetti the Grave Robber (level 4, 12/32 HPs)
             Began as a Deep Dwarf Necromancer on Apr 18, 2022.
             Was a Priest of Zin.
             Quit the game on level 3 of the Dungeon.
             The game lasted 00:04:30 (2841 turns).

spaghetti the Grave Robber (Deep Dwarf Necromancer) Turns: 2841, Time: 00:04:31

Health: 12/32      AC:  2    Str: 11    XL:     4   Next: 35%
Magic:  8/8        EV: 12    Int: 18    God:    Zin [***...]
Gold:   155        SH:  0    Dex: 13    Spells: 9/10 levels left

rFire   . . .      SeeInvis .   b - +0 short sword {short}
rCold   . . .      Faith    .   (no shield)
rNeg    . . .      Spirit   .   c - +0 robe
rPois   .          Reflect  .   (no helmet)
rElec   .          Harm     .   (no cloak)
rCorr   .          Rampage  .   (no gloves)
Will    .....                   (no boots)
Stlth   ++........              o - amulet of magic regeneration {@e2}
HPRegen 0.00/turn               (no ring)
MPRegen 0.51/turn               (no ring)

@: no status effects
A: damage resistance, heal wounds, sense surroundings 1, no regeneration, frail
1
a: Heal Wounds, Renounce Religion, Recite, Vitalisation, Imprison, Donate Gold


You were on level 3 of the Dungeon.
You worshipped Zin.
Zin was most pleased with you.
You visited 1 branch of the dungeon, and saw 3 of its levels.

You collected 172 gold pieces.
You donated 17 gold pieces to Zin.


Innate Abilities, Weirdness & Mutations

You are resistant to damage.
You can heal yourself by infusing magical energy.
You passively map a small area around you.
You do not regenerate.
You are frail. (-10% HP)


   Skills:
 - Level 2.1 Dodging
 - Level 2.4 Stealth
 + Level 3.9 Spellcasting
 - Level 4.3 Necromancy


You had 9 spell levels left.
You knew the following spells:

 Your Spells              Type           Power      Damage    Failure   Level
a - Pain                  Necr           76%        1d7       2%          1

Your spell library contained the following spells:

 Spells                   Type           Power      Damage    Failure   Level
 Animate Skeleton         Necr           38%        N/A       2%          1
 Vampiric Draining        Necr           19%        2d7       8%          3
 Blink                    Tloc           6%         N/A       22%         2
 Static Discharge         Conj/Air       3%         N/A       22%         2
 Animate Dead             Necr           9%         N/A       24%         4
 Dispel Undead            Necr           19%        3d11      24%         4
 Lesser Beckoning         Tloc           3%         N/A       41%         3
 Agony                    Necr           19%        N/A       56%         5
 Sticky Flame             Conj/Fire      3%         2d3       83%         4
 Manifold Assault         Tloc           3%         N/A       99%         5

Inventory:

Hand Weapons
 a - a +0 hunting sling {sling}
   (You found it on level 1 of the Dungeon)
 b - a +0 short sword (weapon) {short}
   (You took it off a kobold on level 1 of the Dungeon)
 h - a +0 dagger {short}
   (You found it on level 1 of the Dungeon)
Missiles
 j - 4 atropa-tipped darts {throwing}
 p - 36 stones {throwing}
Armour
 c - a +0 robe (worn)
Magical Staves
 r - a staff of death {forbidden!astaff}
   (You took it off a goblin on level 3 of the Dungeon)
 u - a staff of death {forbidden!astaff}
   (You found it on level 3 of the Dungeon)
Jewellery
 o - an amulet of magic regeneration (around neck) {@e2}
   (You found it on level 2 of the Dungeon)
Scrolls
 e - a scroll of noise {unknown}
 g - 3 scrolls of identify {unknown}
 i - a scroll of torment {unknown}
 k - a scroll of fog {unknown}
 l - a scroll of amnesia {unknown}
 m - a scroll of magic mapping {unknown}
 n - a scroll of blinking {unknown}
 q - a scroll of teleportation {unknown}
 s - a scroll of immolation {unknown}
 t - a scroll of enchant armour {unknown}
Potions
 d - a potion of magic
 f - a potion of mutation {forbidden!q}

Dungeon Overview and Level Annotations

Branches:
Dungeon (3/15)

Altars:
Fedhas
Makhleb
Zin

###### , ## #....# * ,
.###########.##.# ,
..........##.##.# *
..........##.##.# .#, ,*
..........##.##.#*##.#
..........##.##.##...#.o
..........##.##.#.......
..........##.#..@.....#
..........>#.####.#.#...
,
...........#.####.#.####
...........#............
...........#####.##.####
##########.### #.##.#
#.......# #.##.#
#.......###.##.#
#...........##)#


You could see an orc (asleep).


Message History

There is a large open door here.
There are monsters nearby!
There are monsters nearby!
There are monsters nearby!
You closely miss the orc. The orc hits you with a +0 club.
The orc hits you but does no damage.
You closely miss the orc. The orc closely misses you.
You closely miss the orc.
The orc shouts!
The orc closely misses you. The orc barely misses you.
You closely miss the orc. The orc barely misses you.
The orc hits you with a +0 club. x2 😮 HP[-1]
You take 1 damage, and now have 21/32 hp.
You hit the orc. The orc closely misses you. The orc hits you with a +0 club.
The orc misses you. 😮 HP[-1]
You take 1 damage, and now have 20/32 hp.
You barely miss the orc. The orc misses you. The orc barely misses you. x2
You hit the orc. The orc closely misses you.
The orc hits you but does no damage. The orc barely misses you.
You hit the orc.
You kill the orc!
The orc misses you. The orc closely misses you.
You hit the orc. The orc barely misses you.
The orc hits you with a +0 club. 😮 HP[-1]
You take 1 damage, and now have 19/32 hp.
You hit the orc.
You kill the orc!
The orc barely misses you.
You hit the orc. The orc completely misses you. The orc closely misses you.
You hit the orc. The orc misses you.
You hit the orc.
You kill the orc!
You barely miss the orc. The orc barely misses you.
You barely miss the orc. The orc hits you with a +0 dagger.
You closely miss the orc. The orc barely misses you.
You hit the orc but do no damage. The orc closely misses you.
You hit the orc. The orc hits you with a +0 dagger.
You closely miss the orc. The orc closely misses you.
You barely miss the orc. The orc completely misses you.
You closely miss the orc. The orc hits you with a +0 dagger.
The orc barely misses you.
You hit the orc.
The orc hits you with a +0 dagger. 😮 HP[-1]
You take 1 damage, and now have 18/32 hp.
You closely miss the orc. The orc barely misses you.
Unknown command.
You hit the orc.
The orc hits you with a +0 dagger. 😮 HP[-1]
You take 1 damage, and now have 17/32 hp.
You closely miss the orc. The orc hits you with a +0 dagger.
* * * LOW HITPOINT WARNING * * *
😨 HP[-3]
You take 3 damage, and now have 14/32 hp.
You closely miss the orc. The orc hits you with a +0 dagger.
* * * LOW HITPOINT WARNING * * *
😨 HP[-2]
You take 2 damage, and now have 12/32 hp.
You closely miss the orc. The orc hits you with a +0 dagger.
You hit the orc. The orc hits you with a +0 dagger.
Unknown command.
You closely miss the orc. The orc closely misses you.
You hit the orc.
You kill the orc!
There is a large open door, spattered with blood here.
Items here: )) [ †.
Okay, then.
Things that are here:
a +0 club {mace}; an orc corpse
Things that are here:
a +0 club {mace}; an orc corpse
Things that are here:
a +0 club {mace}; an orc corpse
There is a large open door, spattered with blood here.
Items here: )) [ †.
Key pressed, stopping explore.
There is a large open door here.
There is a large open door here.
You see here a +0 dagger {short}.
You open the door.
There is an open door here.
There is an open door here.
Key pressed, stopping explore.
You see here a +0 dagger {short}.
You open the door.
Key pressed, stopping explore.
There is an open door here.
Key pressed, stopping explore.
Found a stone staircase leading up.
You now have 155 gold pieces (gained 2).
There is an open door here.
You see here a +0 dagger {short}.
There is an open door here.
There is an open door here.
An orc comes into view. It is wielding a +0 club.
(D) Dungeon
Where to? (Enter - D:3, ? - help)
An orc is nearby!
Are you sure you want to abandon this character and quit the game? (Confirm with "yes".)

Skill      XL: |  1  2 |
---------------+-------+-----
Spellcasting   | 2 3 |  3.9
Dodging        | |  2.1
Stealth        | |  2.4
Necromancy     | |  4.3

Action                   |  1- 3 |  4- 6 || total
-------------------------+-------+-------++-------
Melee: Unarmed           |    22 |       ||    22
       Punch             |     2 |       ||     2
       Short sword       |    11 |    58 ||    69
 Fire: Hunting sling     |    98 |       ||    98
 Cast: Pain              |    23 |       ||    23
 Abil: Heal Wounds       |     1 |     1 ||     2
  Use: Potion            |     3 |       ||     3
Armor: Robe              |    13 |     3 ||    16
Dodge: Dodged            |    57 |    43 ||   100

Levels and vault maps discovered:
D:1:      erik_arrival_blinker_ship, layout_loops_ring,
          shapermc_ecumenical_altar_petra
D:2:      wad_river_or_something, layout_loops_ring, basic_altar,
          minmay_worlds_worst_comb
D:3:      layout_basic, fedhas_altar_2, wad_orctagon

Notes
Turn   | Place    | Note
-------+----------+-------------------------------------------
     0 | D:1      | spaghetti the Deep Dwarf Necromancer began the quest for
                  | the Orb.
     0 | D:1      | Reached XP level 1. HP: 15/15 MP: 3/3
     0 | D:1      | magus.rc [v1.9.6]
   119 | D:1      | Reached skill level 2 in Spellcasting
   385 | D:1      | Reached XP level 2. HP: 22/22 MP: 1/5
   750 | D:1      | Found a faded altar of an unknown god.
   992 | D:1      | Prayed at the altar of an unknown god.
   992 | D:1      | Became a worshipper of Zin the Law-Giver
   992 | D:1      | Reached * piety under Zin
  1177 | D:2      | Reached skill level 3 in Spellcasting
  1201 | D:2      | HP: 5/22 [adder (3)]
  1204 | D:2      | Reached XP level 3. HP: 6/28 MP: 7/7
  1204 | D:2      | Gained mutation: You are frail. (-10% HP) [potion of
                  | mutation]
  1439 | D:2      | Reached ** piety under Zin
  1450 | D:2      | You pick up a book of Spatial Translocations and begin
                  | reading...
  1450 | D:2      | You add the spells Blink, Lesser Beckoning and Manifold
                  | Assault to your library.
  1456 | D:2      | You pick up a book of Touch and begin reading...
  1456 | D:2      | You add the spells Static Discharge, Sticky Flame and
                  | Dispel Undead to your library.
  1673 | D:2      | Found a burning altar of Makhleb.
  2114 | D:3      | Reached XP level 4. HP: 15/32 MP: 9/9
  2454 | D:3      | Reached *** piety under Zin
  2495 | D:3      | Found a blossoming altar of Fedhas.
  2841 | D:3      | Quit the game

Vanquished Creatures
  2 adders
  A worm (D:2)
  A dart slug (D:2)
  7 orcs (D:3)
  5 bats
  4 endoplasms
  6 giant cockroaches
  6 goblins
  6 hobgoblins
  A quokka (D:1)
  6 ball pythons
  5 frilled lizards
  3 kobolds
  4 rats
57 creatures vanquished.

Vanquished Creatures (others)
  A fungus (D:1)
1 creature vanquished.

Grand Total: 58 creatures vanquished

Table legend:
 A = Non-vault XP
 B = Vault XP
 C = Vault XP percentage of total XP
 D = Non-vault monster count
 E = Vault monster count
 F = Vault count percentage of total count
                 A         B        C        D         E       F
            +---------+---------+-------+---------+---------+-------
      Total |      88 |      44 |  33.3 |      41 |      16 |  28.1
            +---------+---------+-------+---------+---------+-------
        D:1 |      19 |       0 |   0.0 |      13 |       0 |   0.0
        D:2 |      34 |      32 |  48.5 |      17 |      12 |  41.4
        D:3 |      35 |      12 |  25.5 |      11 |       4 |  26.7
            +---------+---------+-------+---------+---------+-------

Illustrated notes

Table legend:
 A = Kills in this place as a percentage of kills in entire the game.
 B = Kills by you in this place as a percentage of kills by you in the entire game.
 C = Kills by friends in this place as a percentage of kills by friends in the entire game.
 D = Other kills in this place as a percentage of other kills in the entire game.
 E = Experience gained in this place as a percentage of experience gained in the entire game.
 F = Experience gained in this place divided by the number of levels of this place that you have seen.
                   A       B       C       D       E      F
               +-------+-------+-------+-------+-------+----------------------
         Total | 100.0 | 100.0 |   N/A |   N/A | 100.0 |  44.0
       Dungeon | 100.0 | 100.0 |   N/A |   N/A | 100.0 |  44.0
               +-------+-------+-------+-------+-------+----------------------

Table legend: (Time is in decaauts)
 A = Elapsed time spent in this place.
 B = Non-inter-level travel time spent in this place.
 C = Inter-level travel time spent in this place.
 D = Time resting spent in this place.
 E = Time spent auto-exploring this place.
 F = Levels seen in this place.
 G = Mean time per level.
                   A        B        C        D        E       F      G
               +--------+--------+--------+--------+--------+-----+--------+
         Total |   2895 |   2819 |     76 |    260 |   2118 |   3 |  965.0 |
       Dungeon |   2895 |   2819 |     76 |    260 |   2118 |   3 |  965.0 |
               +--------+--------+--------+--------+--------+-----+--------+

Top non-repeatable levels by time:
     D:1: 1012 daAuts
     D:3: 977 daAuts
     D:2: 906 daAuts
